 Dungeon Crawl Stone Soup version 0.22.1-1-ga44c0e5 (webtiles) character file.

528262 Lavandula the Executioner (level 23, -9/164 HPs)
             Began as a Centaur Berserker on Nov 5, 2018.
             Was an Elder of Makhleb.
             Mangled by Mnoleg (15 damage)
             ... in Pandemonium on Nov 6, 2018.
             The game lasted 03:52:35 (29700 turns).

Lavandula the Executioner (Centaur Berserker)      Turns: 29700, Time: 03:52:36

Health: -9/164     AC: 34    Str: 24      XL:     23   Next: 14%
Magic:  23/25      EV: 10    Int:  3 (8)  God:    Makhleb [****..]
Gold:   830        SH:  0    Dex: 14 (15) Spells: 18/40 levels left

rFire    + . .     SeeInvis +   H - +9 executioner's axe (freeze)
rCold    + + .     Gourm    .   (shield currently unavailable)
rNeg     + . .     Faith    .   I - +7 Kryia's mail coat {PotionHeal*2 rC+}
rPois    +         Spirit   .   l - +1 helmet {Int+3}
rElec    +         Reflect  .   A - scarf {rC+ rF+}
rCorr    +         Harm     .   M - +2 pair of gloves "Astetwor" {rElec rPois MR+++ Int-5}
MR       ++++.                  U - +4 centaur barding {Fly}
Stlth    ++........             e - amulet of regeneration
HPRegen  0.00/turn              B - ring "Aprosoz" {rPois rN+ Str-4 Int+3 Dex+4 Stlth+}
MPRegen  0.19/turn              p - ring of resist corrosion

@: mighty, about to teleport, flying, slowed, constricted
A: large, hooves 3, iridescent scales 1, thin skeletal structure 1, see
invisible, clumsy 1, deformed body, deterioration 2, dopey 1, speed 2, frail 2,
low mp 3, poison resistance, screaming 1, inhibited regeneration, tough skin 3,
weak 1, subdued magic 2, MP-powered wands
}: 6/15 runes: decaying, serpentine, slimy, silver, demonic, dark
a: Minor Destruction, Lesser Servant of Makhleb, Major Destruction, Renounce
Religion, Stop Flying


You were in Pandemonium.
You worshipped Makhleb.
Makhleb was greatly pleased with you.
You were near starving.

You visited 11 branches of the dungeon, and saw 47 of its levels.
You visited Pandemonium 1 time, and saw 9 of its levels.
You visited the Abyss 1 time.
You visited 1 bazaar.
You also visited: Ossuary and Ice Cave.

You collected 4868 gold pieces.
You spent 4038 gold pieces at shops.

Inventory:

Hand Weapons
 H - a +9 executioner's axe of freezing (weapon)
Missiles
 y - 4 javelins of penetration (quivered)
 E - 2 throwing nets
Armour
 l - a +1 helmet of intelligence (worn)
 A - a scarf of resistance (worn)
 I - the +7 Kryia's mail coat (worn) {PotionHeal*2 rC+}
   (You bought it in a shop on level 1 of the Snake Pit)

   It protects you from cold.
 M - the +2 pair of gloves "Astetwor" (worn) {rElec rPois MR+++ Int-5}
   (You bought it in a shop on level 14 of the Dungeon)

   It affects your intelligence (-5).
   It insulates you from electricity.
   It protects you from poison.
   It affects your resistance to hostile enchantments.
 O - a +0 troll leather armour
 U - a +4 centaur barding of flying (worn)
Jewellery
 e - an amulet of regeneration (around neck)
 f - the ring "Pitapi" {rC+ MR+ Stlth+}
   (You found it on level 2 of the Lair of Beasts)

   [ring of protection from magic]

   It protects you from cold.
   It affects your resistance to hostile enchantments.
   It makes you more stealthy.
 i - an uncursed ring of protection from fire
 p - a ring of resist corrosion (right hand)
 B - the ring "Aprosoz" (left hand) {rPois rN+ Str-4 Int+3 Dex+4 Stlth+}
   (You found it on level 11 of the Dungeon)

   [ring of dexterity]

   It affects your strength (-4).
   It affects your intelligence (+3).
   It affects your dexterity (+4).
   It protects you from poison.
   It protects you from negative energy.
   It makes you more stealthy.
 K - the ring "Ypeiweffaz" {-Tele Dex+5 SInv}
   (You found it in an ice cave)

   [ring of see invisible]

   It affects your dexterity (+5).
   It lets you see invisible.
   It prevents most forms of teleportation.
 X - the ring of Riliwk {*Contam rPois rC+++ Str+5 Int-5}
   (You found it on level 10 of the Dungeon)

   [ring of strength]

   It affects your strength (+5).
   It affects your intelligence (-5).
   It renders you almost immune to cold.
   It protects you from poison.
   It causes magical contamination when unequipped.
Wands
 b - a wand of scattershot (7)
 s - a wand of iceblast (13)
 u - a wand of enslavement (40)
 v - a wand of digging (52)
 G - a wand of paralysis (58)
 P - a wand of acid (7)
Scrolls
 d - 13 scrolls of teleportation
 h - 21 scrolls of remove curse
 t - 5 scrolls of immolation
 C - 7 scrolls of fog
 D - 11 scrolls of identify
 F - 4 scrolls of holy word
 S - a scroll of enchant weapon
 V - a scroll of blinking
 W - 7 scrolls of silence
 Y - a scroll of fear
Potions
 a - 3 potions of magic
 g - 3 potions of resistance
 j - 6 potions of brilliance
 k - 2 potions of agility
 m - 4 potions of might
 w - 4 potions of invisibility
 x - 16 potions of curing
 z - a potion of ambrosia
 J - a potion of mutation
 Q - 5 potions of berserk rage
Miscellaneous
 n - a lamp of fire (inert)
 o - a lightning rod (4/4)
 N - a box of beasts
 T - 3 sacks of spiders
 Z - a phial of floods
Comestibles
 c - 28 rations


   Skills:
 - Level 17.5 Fighting
 - Level 24.2 Axes
 - Level 12.1 Armour
 - Level 12.3 Dodging
 - Level 9.0 Spellcasting
 - Level 4.9 Charms
 - Level 3.1 Necromancy
 - Level 4.4 Translocations
 - Level 2.1 Air Magic
 + Level 7.6 Invocations
 - Level 7.2 Evocations


You had 18 spell levels left.
You knew the following spells:

 Your Spells              Type           Power        Failure   Level  Hunger
a - Summon Butterflies    Summ           #.......     34%         1    ##.....
b - Blink                 Tloc           N/A          8%          2    ###....
c - Shroud of Golubria    Chrm/Tloc      #.........   7%          2    ###....
d - Regeneration          Chrm/Necr      #.........   21%         3    ####...
e - Spectral Weapon       Hex/Chrm       #.......     38%         3    ####...
f - Deflect Missiles      Chrm/Air       #.........   100%        6    #######
g - Apportation           Tloc           #.....       4%          1    ##.....
h - Summon Lightning Spi  Summ/Air       #.......     95%         4    #####..

Your spell library contained the following spells:

 Spells                   Type           Power        Failure   Level  Hunger
 Infusion                 Chrm           #...         3%          1    ##.....
 Song of Slaying          Chrm           #.......     6%          2    ###....
 Animate Skeleton         Necr           N/A          10%         1    ##.....
 Swiftness                Chrm/Air       #.......     12%         2    ###....
 Corpse Rot               Necr           N/A          14%         2    ###....
 Gell's Gravitas          Tloc           #.........   17%         3    ####...
 Lesser Beckoning         Tloc           #.........   17%         3    ####...
 Shock                    Conj/Air       #...         22%         1    ##.....
 Beastly Appendage        Tmut           #.....       34%         1    ##.....
 Confusing Touch          Hex            #.....       34%         1    ##.....
 Flame Tongue             Conj/Fire      #....        34%         1    ##.....
 Freeze                   Ice            #...         34%         1    ##.....
 Magic Dart               Conj           #...         34%         1    ##.....
 Summon Small Mammal      Summ           #...         34%         1    ##.....
 Ozocubu's Armour         Chrm/Ice       #.......     38%         3    ####...
 Portal Projectile        Hex/Tloc       #.....       43%         3    ####...
 Recall                   Summ/Tloc      N/A          43%         3    ####...
 Call Imp                 Summ           #.......     50%         2    ###....
 Searing Ray              Conj           #.....       50%         2    ###....
 Slow                     Hex            #.......     50%         2    ###....
 Sticks to Snakes         Tmut           #.......     50%         2    ###....
 Throw Flame              Conj/Fire      #.....       50%         2    ###....
 Throw Frost              Conj/Ice       #.....       50%         2    ###....
 Mephitic Cloud           Conj/Pois/Air  #.......     65%         3    ####...
 Call Canine Familiar     Summ           #.......     75%         3    ####...
 Confuse                  Hex            #.......     75%         3    ####...
 Conjure Flame            Conj/Fire      #.......     75%         3    ####...
 Dazzling Spray           Conj/Hex       #.....       75%         3    ####...
 Inner Flame              Hex/Fire       #.......     75%         3    ####...
 Spider Form              Tmut/Pois      #.........   75%         3    ####...
 Stone Arrow              Conj/Erth      #.....       75%         3    ####...
 Summon Guardian Golem    Hex/Summ       #.......     75%         3    ####...
 Tukima's Dance           Hex            #.......     75%         3    ####...
 Force Lance              Conj/Tloc      #.......     85%         4    #####..
 Cause Fear               Hex            #.........   99%         4    #####..
 Fulminant Prism          Conj/Hex       #.........   99%         4    #####..
 Ice Form                 Ice/Tmut       #.......     99%         4    #####..
 Iskenderun's Mystic Bla  Conj           #.......     99%         4    #####..
 Leda's Liquefaction      Hex/Erth       #.........   99%         4    #####..
 Petrify                  Tmut/Erth      #.......     99%         4    #####..
 Sticky Flame             Conj/Fire      #.......     99%         4    #####..
 Summon Ice Beast         Ice/Summ       #.......     99%         4    #####..
 Throw Icicle             Conj/Ice       #.......     99%         4    #####..
 Iskenderun's Battlesphe  Conj/Chrm      #.......     99%         5    ######.
 Summon Forest            Summ/Tloc      #.........   99%         5    ######.
 Alistair's Intoxication  Tmut/Pois      #.......     100%        5    ######.
 Blade Hands              Tmut           #.........   100%        5    ######.
 Fireball                 Conj/Fire      #.........   100%        5    ######.
 Metabolic Englaciation   Hex/Ice        #.........   100%        5    ######.
 Silence                  Hex/Air        #.........   100%        5    ######.
 Venom Bolt               Conj/Pois      #.........   100%        5    ######.
 Yara's Violent Unravell  Hex/Tmut       #.........   100%        5    ######.
 Bolt of Fire             Conj/Fire      #.........   100%        6    #######
 Dispersal                Tloc           #.........   100%        6    #######
 Freezing Cloud           Conj/Ice/Air   #.........   100%        6    #######
 Hydra Form               Tmut           #.........   100%        6    #######
 Invisibility             Hex            #.......     100%        6    #######
 Dragon Form              Tmut           #.........   100%        7    #######
 Malign Gateway           Summ/Tloc      #.........   100%        7    #######
 Monstrous Menagerie      Summ           #.........   100%        7    #######
 Spellforged Servitor     Conj/Summ      #.........   100%        7    #######
 Summon Greater Demon     Summ           #.........   100%        7    #######
 Summon Hydra             Summ           #.........   100%        7    #######
 Controlled Blink         Tloc           N/A          100%        8    #######
 Discord                  Hex            #.........   100%        8    #######
 Disjunction              Tloc           #.........   100%        8    #######
 Summon Horrible Things   Summ           #.........   100%        8    #######
 Dragon's Call            Summ           #.........   100%        9    #######
 Tornado                  Air            #.........   100%        9    #######


Dungeon Overview and Level Annotations

Branches:
Dungeon (15/15)            Temple (1/1) D:7            Lair (6/6) D:9
  Swamp (4/4) Lair:4        Snake (4/4) Lair:2        Slime (5/5) Lair:6
    Orc (2/2) D:12            Elf (0/3) Orc:2        Vaults (5/5) D:14
  Crypt (3/3) Vaults:3       Tomb (1/3) Crypt:3      Depths (1/5) D:15

Altars:
Cheibriados
Elyvilon
Fedhas
Gozag
Hepliaklqana
Kikubaaqudgha
Makhleb
Nemelex Xobeh
Ru
Trog
Wu Jian
Xom
Yredelemnul
Jiyva

Shops:
D:6 *?[   D:7 *   D:14 [*:   Orc:2 :(%*[   Snake:1 [

Portals:
Pandemonium: Depths:1

Annotations:
D:7 temple
Swamp:4 exclusion: thorn hunter
Slime:4 exclusion: upstairs
Vaults:3 Mara
Vaults:4 Mennas
Pan Gloorx Vloq, Mnoleg


Innate Abilities, Weirdness & Mutations

You have hooves in place of feet.
Armour fits poorly on your strangely shaped body.
You cover ground very quickly.
You have extremely tough skin. (AC +3)
You are partially covered in iridescent scales. (AC +2)
You have a somewhat thin skeletal structure. (Dex +2, Stealth)
You have supernaturally acute eyesight. (SInv)
You are clumsy. (Dex -2)
Your body often deteriorates upon taking damage.
You are dopey. (Int -2)
You are very frail. (-20% HP)
Your magical capacity is extremely low. (-30% MP)
Your system is resistant to poisons. (rPois)
You occasionally shout uncontrollably at your foes.
You do not regenerate when monsters are visible.
You are weak. (Str -2)
Your spells are easier to cast, but less powerful.
You expend magic power (3 MP) to strengthen your wands.


Message History

Your two-headed ogre misses Mnoleg.
Your two-headed ogre barely misses Mnoleg.
The tentacled monstrosity tentacle-slaps you!
* * * LOW HITPOINT WARNING * * *
The tentacled monstrosity tentacle-slaps you!
* * * LOW HITPOINT WARNING * * *
The tentacled monstrosity tentacle-slaps you but does no damage.
The tentacled monstrosity grabs you.
* * * LOW HITPOINT WARNING * * *
The tentacled monstrosity constricts you!
You hear a grinding noise.
Mnoleg calls on the powers of chaos!
Your two-headed ogre barely misses Mnoleg.
Your two-headed ogre hits Mnoleg but does no damage.
Unknown command.
The tentacled monstrosity's grasp on you weakens, but your attempt to escape Mnoleg claws you!
* * * LOW HITPOINT WARNING * * *
Mnoleg tentacle-slaps you!
You die...

,,,,,,,,,,,,,...∩.#..........#...
,,,,,,,,,,,,,...............##...
,,,,,,,,,,,,,..............##*...
,,,,,,,,,,,,,.................,,.
,***********#.##..............,,,
** #.##############....,,
***########.##..##......,,,....*,
,,,.3.....──w..OX.......,,,,..**,
,,,.....§*...§X&@.....#,,********
,,,...&.......X......##*** *
*,,.....§....§.##.####
***###.###.#####*## #.# # ##


You could see Mnoleg, 2 tentacled monstrosities, an eldritch tentacle, a large
abomination and a friendly two-headed ogre.

Vanquished Creatures
  the Royal Jelly (Slime:5)
  Dissolution (Slime:3)
  An ancient lich (Crypt:3)
  the Lernaean hydra (Swamp:4)
  Saint Roka (Vaults:2)
  3 golden dragons (Vaults:5)
  Jory (Crypt:2)
  A bone dragon (Crypt:3)
  A lich (Crypt:3)
  3 tentacled monstrosities
  2 titans (Vaults:5)
  27 acid blobs
  Gastronok (Orc:1)
  19 Executioners (Pan)
  Agnes (Snake:2)
  A tengu reaver (Vaults:5)
  A sphinx (Vaults:5)
  Kirke (Lair:6)
  3 thorn hunters
  2 shadow dragons (Vaults:5)
  2 ancient champions
  An azure jelly (shapeshifter) (Vaults:5)
  A fire giant (Vaults:5)
  8 azure jellies
  A warmonger (Pan)
  9 nagarajas
  3 frost giants
  8 vault wardens
  A deep elf sorcerer (Vaults:5)
  2 corrupters (Pan)
  Louise (Snake:2)
  3 orc warlords
  6 cacodemons (Pan)
  5 reapers
  2 curse skulls (Pan)
  9 ironheart preservers
  4 very ugly things
  An entropy weaver (Vaults:2)
  5 war gargoyles
  14 stone giants
  3 vampire knights
  2 lorocyprocas (Pan)
  A white draconian (IceCv)
  2 deep elf death magi
  2 crystal guardians (Crypt:3)
  An eidolon (Crypt:1)
  Snorg (Lair:6)
  3 ettins
  5 blizzard demons (Pan)
  2 deep elf high priests (Vaults:5)
  A fire dragon (D:15)
  A quicksilver dragon zombie (Crypt:3)
  9 yaktaur captains
  7 great orbs of eyes
  13 death oozes
  8 naga warriors
  Erolcha (D:10)
  2 monstrous demonspawn
  A great orb of eyes (shapeshifter) (Vaults:5)
  2 hell beasts (Pan)
  15 hydras
  3 ice dragons
  A juggernaut simulacrum (Pan)
  5 anacondas
  30 vault guards
  4 centaur warriors
  2 death knights (Vaults:3)
  A catoblepas (Lair:6)
  A rakshasa (Vaults:2)
  Erica (D:8)
  6 alligators
  29 two-headed ogres
  18 death yaks
  9 ogre magi
  A deep troll earth mage (Vaults:5)
  3 deep troll shamans
  5 dancing weapons
  2 tengu warriors (D:14)
  2 titan zombies (Crypt:3)
  9 naga sharpshooters
  5 hell knights (Crypt:3)
  3 orc high priests (Orc:2)
  A titan skeleton (Pan)
  A deep elf knight (Vaults:2)
  8 soul eaters (Pan)
  2 shock serpents
  3 sun demons (Pan)
  2 salamander mystics (Snake:4)
  27 skeletal warriors
  A ghost moth zombie (Crypt:3)
  4 sixfirhies (Pan)
  8 deep trolls
  A gelid demonspawn (Pan)
  2 flayed ghosts
  2 shadow demons (Pan)
  7 shadow wraiths
  2 spriggan druids (Swamp:4)
  10 swamp dragons
  4 unseen horrors
  A wizard (Depths:1)
  9 naga ritualists
  Pikel (D:4)
  A golden dragon skeleton (Crypt:3)
  A shambling mangrove (Swamp:4)
  7 orc knights
  A shadow dragon zombie (Crypt:2)
  A wolf spider (Vaults:2)
  A wolf spider (shapeshifter) (Vaults:5)
  5 necromancers (Crypt:3)
  3 phantasmal warriors
  A shining eye (shapeshifter) (Vaults:2)
  11 cyclopes
  A lindwurm (Lair:6)
  13 mana vipers
  4 orc sorcerers
  2 deep elf magi
  6 ironbrand convokers
  20 ugly things
  4 salamanders
  A shining eye (Slime:4)
  2 shadow dragon skeletons
  A manticore (D:11)
  2 worldbinders (Abyss:2)
  3 stone giant skeletons (Pan)
  A dire elephant zombie (Crypt:3)
  4 guardian serpents (Snake:4)
  13 elephants
  20 black mambas
  The ghost of Bodigarde the Sneak, a novice KoEn (D:5)
  7 vault sentinels
  2 gargoyles
  An ice statue (IceCv)
  4 eyes of devastation
  Maurice (D:12)
  2 smoke demons (Pan)
  14 naga magi
  A centaur skeleton (D:12)
  2 shock serpent skeletons (Crypt:3)
  A rust devil (Depths:1)
  A death yak zombie (Crypt:1)
  10 spiny frogs
  3 hellions (Pan)
  A kobold demonologist (D:11)
  5 orange demons (Pan)
  5 komodo dragons
  4 freezing wraiths (Vaults:3)
  28 yaktaurs
  2 rime drakes
  A dire elephant skeleton (Pan)
  2 hellwings (Pan)
  2 demonic crawlers (Pan)
  6 hornets
  6 trolls
  17 polar bears
  A red devil (Pan)
  3 tyrant leeches
  12 bog bodies
  3 hydra skeletons
  4 blink frogs (Lair:2)
  A tarantella zombie (Crypt:2)
  111 slime creatures
  A wind drake (shapeshifter) (Vaults:2)
  6 dream sheep (Lair:6)
  A spriggan (shapeshifter) (Vaults:2)
  An ettin zombie (Crypt:3)
  5 hippogriffs
  Sigmund (D:3)
  2 spriggans
  A water elemental (Depths:1)
  An alligator skeleton (Crypt:3)
  2 ice dragon skeletons
  34 flying skulls (Crypt:3)
  4 redbacks (Vaults:2)
  4 basilisks
  3 shadows
  53 yaks
  2 ynoxinuls (Pan)
  2 wraiths
  3 chaos spawn
  A fire bat (shapeshifter) (Vaults:5)
  20 large abominations (Pan)
  4 hogs (Lair:6)
  18 golden eyes
  2 hungry ghosts
  8 vampire mosquitoes
  A neqoxec (Pan)
  8 wargs
  7 swamp worms
  6 insubstantial wisps (Swamp:3)
  39 nagas
  A soldier ant (D:12)
  17 water moccasins
  An acid dragon (Vaults:1)
  14 swamp drakes
  8 porcupines
  4 sky beasts
  10 ice beasts
  A snapping turtle zombie (Crypt:3)
  41 orc warriors
  10 necrophages
  8 black bears
  5 eyes of draining
  2 phantoms
  25 killer bees
  5 centaurs
  An ettin simulacrum (Vaults:3)
  39 ogres
  3 boggarts (Vaults:3)
  A swamp dragon skeleton (Pan)
  41 wolves
  15 crocodiles
  An elf zombie (Ossuary)
  15 bullfrogs
  A wyvern skeleton (D:14)
  3 scorpions
  6 wights
  6 howler monkeys
  2 electric eels
  4 centaur zombies
  6 crimson imps
  A wolf skeleton (Crypt:1)
  7 jellies
  A quasit (Abyss:2)
  A bullfrog zombie (D:13)
  4 hounds
  A gnoll shaman (D:4)
  28 orc priests
  3 bullfrog skeletons
  An iron imp (Depths:1)
  Terence (D:3)
  Ijyb (D:3)
  19 orc wizards
  5 iguanas
  Natasha (D:3)
  8 worker ants
  A hound zombie (D:10)
  2 hound skeletons
  4 mummies
  A worker ant zombie (D:9)
  7 gnolls
  A howler monkey skeleton (D:10)
  13 adders
  4 shadow imps
  3 white imps (Depths:1)
  5 adder zombies
  A worm (D:4)
  3 leopard geckos
  87 orcs
  5 bats
  A bat skeleton (Crypt:1)
  4 giant cockroaches
  2 gnoll zombies (Ossuary)
  7 goblins
  6 hobgoblins
  8 jackals
  6 quokkas
  A ball python skeleton (D:6)
  A ball python zombie (Crypt:1)
  2 frilled lizards (D:1)
  2 goblin zombies (Ossuary)
  3 hobgoblin zombies (Ossuary)
  5 kobolds
  3 kobold zombies (Ossuary)
  A leopard gecko skeleton (D:9)
  2 quokka zombies (Ossuary)
  3 rats
  A rat zombie (Ossuary)
  4 briar patches (Swamp:4)
  6 fungi
  A plant (Lair:6)
1693 creatures vanquished.

Vanquished Creatures (collateral kills)
  A golden dragon (Vaults:5)
  A lich (Crypt:3)
  A tentacled monstrosity (Vaults:5)
  A titan (Vaults:5)
  A storm dragon (Vaults:5)
  A tengu reaver (Vaults:5)
  2 fire giants (Vaults:5)
  A nagaraja (Snake:4)
  A frost giant (Vaults:5)
  A cacodemon (Pan)
  3 vault wardens (Vaults:5)
  A deep elf elementalist (Vaults:5)
  An ironheart preserver (Vaults:5)
  A stone giant (Slime:3)
  An ettin (Vaults:5)
  A blizzard demon (Pan)
  2 vault guards (Vaults:5)
  2 ice dragons
  A hydra (Swamp:4)
  A two-headed ogre (Vaults:5)
  2 death yaks (Lair:6)
  2 soul eaters (Pan)
  A hell knight (Crypt:3)
  2 orc knights (Orc:2)
  An orc sorcerer (Orc:2)
  A deep elf mage (Vaults:5)
  3 shining eyes
  A necromancer (Crypt:3)
  2 vault sentinels (Vaults:5)
  An orange demon (Pan)
  A komodo dragon (D:12)
  A troll (Orc:2)
  A polar bear (IceCv)
  4 slime creatures
  A dream sheep (Lair:6)
  A yak (IceCv)
  7 neqoxecs
  A golden eye (Slime:2)
  A warg (Orc:2)
  An ice beast (D:12)
  5 orc warriors
  A black bear (Pan)
  5 wolves (Lair:6)
  An ogre (Vaults:5)
  A quasit (Depths:1)
  2 orc wizards (Orc:2)
  An orc (Vaults:5)
76 creatures vanquished.

Vanquished Creatures (others)
  2 eldritch tentacles (Pan)
  2 alligators
  A shadow wraith (Vaults:5)
  A spriggan druid (Swamp:1)
  A cyclops (Slime:3)
  2 polar bears
  2 trolls (Pan)
  2 yaks (IceCv)
  A slave (D:4)
  3 wolves (IceCv)
  A killer bee (D:6)
  16 fungi
  5 plants
  2 spectral weapons
41 creatures vanquished.

Grand Total: 1810 creatures vanquished

Notes
Turn   | Place    | Note
-------+----------+-------------------------------------------
     0 | D:1      | Lavandula the Centaur Berserker began the quest for the
                  | Orb.
     0 | D:1      | Reached XP level 1. HP: 19/19 MP: 1/1
   169 | D:1      | Reached XP level 2. HP: 26/26 MP: 2/2
   254 | D:1      | Reached skill level 3 in Axes
   505 | D:3      | Noticed Sigmund
   644 | D:3      | Reached ** piety under Trog
   644 | D:3      | Reached XP level 3. HP: 27/31 MP: 3/3
   644 | D:3      | Noticed Terence
   651 | D:3      | Killed Sigmund
   651 | D:3      | Reached skill level 4 in Axes
   651 | D:3      | Reached XP level 4. HP: 40/40 MP: 4/4
   651 | D:3      | Reached XP level 5. HP: 46/46 MP: 5/5
   652 | D:3      | Killed Terence
   672 | D:3      | Noticed Natasha
   783 | D:2      | Found a white marble altar of Elyvilon.
   941 | D:3      | Noticed Ijyb
   942 | D:3      | Paralysed by Ijyb for 5 turns
   952 | D:3      | Killed Ijyb
   952 | D:3      | Reached XP level 6. HP: 51/53 MP: 6/6
  1149 | D:3      | Killed Natasha
  1149 | D:3      | Reached skill level 5 in Axes
  1211 | D:5      | Entered Level 5 of the Dungeon
  1321 | D:5      | Reached skill level 6 in Axes
  1324 | D:5      | Reached XP level 7. HP: 34/60 MP: 7/7
  1812 | D:4      | Reached skill level 7 in Axes
  1945 | D:4      | Noticed Pikel
  1970 | D:4      | Killed Pikel
  1970 | D:4      | Reached skill level 8 in Axes
  1970 | D:4      | Reached XP level 8. HP: 55/67 MP: 8/8
  2226 | D:5      | Found a runed door.
  2244 | D:5      | Noticed Bodigarde's ghost (novice KoEn)
  2265 | D:5      | Killed Bodigarde's ghost
  2265 | D:5      | Reached skill level 9 in Axes
  2514 | D:6      | Found Dozukh's Antique Armour Shop.
  2542 | D:6      | Reached skill level 10 in Axes
  2562 | D:6      | Found Laguutauho's Assorted Antiques.
  2573 | D:6      | Bought a fuming coppery potion for 20 gold pieces
  2573 | D:6      | Bought a scroll labeled GINNOR ENUT for 23 gold pieces
  2573 | D:6      | Bought a wand of paralysis (11) for 46 gold pieces
  2584 | D:6      | Found Heuch's Magic Scroll Boutique.
  2588 | D:6      | Bought a scroll of magic mapping for 52 gold pieces
  2588 | D:6      | Bought a scroll of fear for 52 gold pieces
  2588 | D:6      | Bought a scroll of immolation for 52 gold pieces
  2685 | D:6      | Reached *** piety under Trog
  2701 | D:6      | Reached XP level 9. HP: 54/72 MP: 9/9
  2726 | D:6      | Found a sparkling altar of Nemelex Xobeh.
  2855 | D:7      | Found a bloodstained altar of Trog.
  2899 | D:7      | Reached skill level 11 in Axes
  2948 | D:7      | Found a sand-covered staircase.
  2952 | Ossuary  | Entered an ossuary
  3052 | Ossuary  | Reached **** piety under Trog
  3122 | D:8      | Found a snail-covered altar of Cheibriados.
  3163 | D:7      | Found a shimmering altar of Xom.
  3314 | D:7      | Reached skill level 12 in Axes
  3364 | D:7      | Found a basalt altar of Yredelemnul.
  3427 | D:7      | Found Uxuxuz's General Store.
  3438 | D:7      | Bought a +2 cloak for 231 gold pieces
  3507 | D:8      | Noticed Erica
  3526 | D:8      | Killed Erica
  3526 | D:8      | Reached XP level 10. HP: 80/80 MP: 10/10
  3721 | D:8      | Gained mutation: Scrolls take you a little longer to read.
                  | [potion of mutation]
  3721 | D:8      | Lost mutation: Scrolls take you a little longer to read.
                  | [potion of mutation]
  3721 | D:8      | Gained mutation: You are partially covered in iridescent
                  | scales. (AC +2) [potion of mutation]
  3954 | D:8      | Found a hazy altar of Hepliaklqana.
  3974 | D:9      | Reached ***** piety under Trog
  4225 | D:10     | Entered Level 10 of the Dungeon
  4407 | D:10     | Got a scintillating platinum ring
  4414 | D:10     | Identified the ring of Riliwk {*Contam rPois rC+++ Str+5
                  | Int-5} (You found it on level 10 of the Dungeon)
  4571 | D:10     | Got a faintly glowing war axe
  4739 | D:10     | Reached skill level 5 in Armour
  4753 | D:10     | Identified the +6 war axe "Kyruot" {vamp, +Rage +Inv rF+
                  | Str+2} (You found it on level 10 of the Dungeon)
  4959 | D:11     | Noticed a manticore
  4969 | D:11     | Killed a manticore
  4979 | D:12     | Found a blossoming altar of Fedhas.
  5010 | D:12     | Reached XP level 11. HP: 73/85 MP: 11/11
  5099 | D:12     | Reached skill level 13 in Axes
  5117 | D:12     | Found a frozen archway.
  5128 | IceCv    | Entered an ice cave
  5397 | IceCv    | Got an iridescent flail
  5475 | IceCv    | Reached skill level 14 in Axes
  5597 | IceCv    | Noticed a death yak
  5608 | IceCv    | Killed a death yak
  5608 | IceCv    | Reached ****** piety under Trog
  5660 | IceCv    | Noticed a white draconian
  5674 | IceCv    | Noticed a death yak
  5681 | IceCv    | Killed a white draconian
  5681 | IceCv    | Reached skill level 15 in Axes
  5684 | IceCv    | Killed a death yak
  5684 | IceCv    | Reached XP level 12. HP: 92/92 MP: 12/12
  5689 | IceCv    | Noticed a death yak
  5715 | IceCv    | Killed a death yak
  5772 | IceCv    | Got a pitted gossamer ring
  5774 | IceCv    | Identified the ring "Ypeiweffaz" {-Tele Dex+5 SInv} (You
                  | found it in an ice cave)
  5828 | D:12     | Found a staircase to the Orcish Mines.
  5834 | Orc:1    | Entered Level 1 of the Orcish Mines
  5906 | Orc:1    | Noticed Gastronok
  5917 | Orc:1    | Killed Gastronok
  5924 | Orc:1    | Noticed Maurice
  6079 | D:12     | Killed Maurice
  6079 | D:12     | Reached skill level 16 in Axes
  6129 | Orc:1    | Received a gift from Trog
  6237 | Orc:2    | Entered Level 2 of the Orcish Mines
  6237 | Orc:2    | Noticed an orc warlord
  6253 | Orc:2    | Killed an orc warlord
  6264 | Orc:2    | Noticed an orc warlord
  6279 | Orc:2    | Found Xuh Ceyn's Food Emporium.
  6281 | Orc:2    | Noticed an orc high priest
  6292 | Orc:2    | Found Athaj's General Store.
  6292 | Orc:2    | Noticed an orc high priest
  6295 | Orc:2    | Noticed an orc high priest
  6540 | Orc:2    | Found Sithryan's Book Boutique.
  6544 | Orc:2    | Reached skill level 5 in Fighting
  6602 | Orc:2    | Killed an orc high priest
  6713 | Orc:2    | Killed an orc high priest
  6715 | Orc:2    | Killed an orc warlord
  6715 | Orc:2    | Reached XP level 13. HP: 84/105 MP: 13/13
  6837 | Orc:2    | Bought 2 scrolls of fog for 64 gold pieces
  6897 | Orc:2    | Found a staircase to the Elven Halls.
  6927 | Orc:2    | Found Xeaweadi's Antique Weapon Emporium.
  6984 | Orc:2    | Found Laynioko's Antique Armour Shoppe.
  7289 | D:9      | Received a gift from Trog
  7404 | D:7      | Bought a potion of resistance for 140 gold pieces
  7404 | D:7      | Bought a scroll of noise for 14 gold pieces
  7404 | D:7      | Bought a scroll of teleportation for 42 gold pieces
  7438 | D:6      | Bought a scroll of blinking for 112 gold pieces
  7438 | D:6      | Bought a scroll of silence for 112 gold pieces
  7438 | D:6      | Bought a scroll of teleportation for 45 gold pieces
  7438 | D:6      | Bought a scroll of teleportation for 45 gold pieces
  7438 | D:6      | Bought a scroll of torment for 112 gold pieces
  7438 | D:6      | Bought a scroll of identify for 30 gold pieces
  7461 | D:6      | Bought a scroll of teleportation for 69 gold pieces
  7461 | D:6      | Bought a scroll of teleportation for 69 gold pieces
  7461 | D:6      | Bought a scroll of enchant weapon for 172 gold pieces
  7468 | D:6      | Bought a scroll of enchant weapon for 112 gold pieces
  7468 | D:6      | Bought a scroll of enchant weapon for 112 gold pieces
  7571 | D:10     | Noticed Erolcha
  7637 | D:11     | Got a wavering ivory ring
  7639 | D:11     | Identified the ring "Aprosoz" {rPois rN+ Str-4 Int+3 Dex+4
                  | Stlth+} (You found it on level 11 of the Dungeon)
  8176 | D:11     | Found a sacrificial altar of Ru.
  8372 | D:10     | Killed Erolcha
  8372 | D:10     | Reached skill level 10 in Fighting
  8525 | D:9      | Found a staircase to the Lair.
  8621 | Lair:1   | Entered Level 1 of the Lair of Beasts
  8758 | Lair:2   | Reached skill level 5 in Dodging
  9419 | Lair:5   | Got a dazzling cloak
  9430 | Lair:5   | Identified the cursed -5 cloak of Intercession {Dex+6} (You
                  | found it on level 5 of the Lair of Beasts)
  9446 | Lair:6   | Entered Level 6 of the Lair of Beasts
  9496 | Lair:6   | Received a gift from Trog
  9496 | Lair:6   | Reached XP level 14. HP: 112/121 MP: 14/14
  9640 | Lair:6   | Found a viscous altar of Jiyva.
  9641 | Lair:6   | Found a staircase to the Slime Pits.
  9694 | Lair:6   | Noticed Kirke
  9712 | Lair:6   | Killed Kirke
  9916 | Lair:6   | Noticed Snorg
  9925 | Lair:6   | Killed Snorg
 10232 | Lair:6   | Received a gift from Trog
 10262 | Lair:6   | Identified the Handbook of Boosting Feathers
 10520 | Lair:4   | Found a staircase to the Swamp.
 10881 | Lair:4   | Reached skill level 10 in Dodging
 10887 | Lair:4   | Reached XP level 15. HP: 126/133 MP: 15/15
 10957 | Swamp:1  | Entered Level 1 of the Swamp
 10979 | Swamp:1  | Noticed a thorn hunter
 10991 | Swamp:1  | Killed a thorn hunter
 11102 | Swamp:1  | Received a gift from Trog
 11333 | Swamp:4  | Entered Level 4 of the Swamp
 11388 | Swamp:4  | Noticed a thorn hunter
 11401 | Swamp:4  | Killed a thorn hunter
 11637 | Swamp:4  | Noticed the 27-headed Lernaean hydra
 11696 | Swamp:4  | Killed the 26-headed Lernaean hydra
 11696 | Swamp:4  | Reached skill level 15 in Fighting
 12002 | Swamp:4  | Got a decaying rune of Zot
 12131 | Swamp:4  | Noticed a thorn hunter
 12153 | Swamp:4  | Killed a thorn hunter
 12586 | Lair:2   | Found a staircase to the Snake Pit.
 12620 | Lair:2   | Identified the ring "Pitapi" {rC+ MR+ Stlth+} (You found it
                  | on level 2 of the Lair of Beasts)
 12633 | Snake:1  | Entered Level 1 of the Snake Pit
 12721 | Snake:1  | Found Lathif's Armour Shoppe.
 12837 | Snake:2  | Reached XP level 16. HP: 152/152 MP: 16/16
 12843 | Snake:2  | Noticed Louise
 12845 | Snake:2  | Noticed Agnes
 12864 | Snake:2  | Killed Agnes
 12872 | Snake:2  | Cast into level 2 of the Abyss (Louise)
 12989 | Snake:2  | Escaped the Abyss
 13007 | Snake:2  | Killed Louise
 13191 | Snake:3  | Reached skill level 17 in Axes
 13327 | Snake:4  | Entered Level 4 of the Snake Pit
 13684 | Snake:4  | Reached skill level 18 in Axes
 14122 | Snake:4  | Reached XP level 17. HP: 162/162 MP: 17/17
 14202 | Snake:4  | Received a gift from Trog
 14395 | Snake:4  | Got a serpentine rune of Zot
 14520 | Snake:2  | Reached skill level 19 in Axes
 14787 | D:13     | Received a gift from Trog
 14788 | D:13     | Got a smoking battleaxe {god gift}
 14789 | D:13     | Lost intelligence.
 14789 | D:13     | Identified the +6 battleaxe of Jeimuid {chop, Str+8 Int-5
                  | SInv} (Trog gifted it to you on level 13 of the Dungeon)
 14870 | D:13     | Found a bloodstained altar of Trog.
 15066 | D:14     | Found a gate to the Vaults.
 15149 | Vaults:1 | Entered Level 1 of the Vaults
 15268 | Vaults:1 | Found a gateway to a bazaar.
 15302 | Bazaar   | Entered a bazaar
 15315 | Bazaar   | Found Sucro's Jewellery Emporium.
 15346 | Bazaar   | Found Liodup's Magic Scroll Boutique.
 15380 | Bazaar   | Found Plog's Book Emporium.
 15410 | Bazaar   | Found Niaj's Jewellery Emporium.
 15461 | Bazaar   | Bought a book of Enchantments for 650 gold pieces
 15481 | Bazaar   | Bought a scroll of fog for 26 gold pieces
 15481 | Bazaar   | Bought a scroll of blinking for 97 gold pieces
 15481 | Bazaar   | Bought a scroll of identify for 26 gold pieces
 15481 | Bazaar   | Bought a scroll of identify for 26 gold pieces
 15481 | Bazaar   | Bought a scroll of identify for 26 gold pieces
 15527 | Vaults:1 | Identified the +0 ring mail of Bomawoco {rF++ Dex+4} (You
                  | found it on level 1 of the Vaults)
 15758 | Vaults:3 | Found a staircase to the Crypt.
 15758 | Vaults:3 | Found a basalt altar of Yredelemnul.
 15758 | Vaults:3 | Found an ancient bone altar of Kikubaaqudgha.
 15805 | Vaults:3 | Received a gift from Trog
 16011 | Vaults:2 | Noticed Saint Roka
 16031 | Vaults:2 | Killed Saint Roka
 16031 | Vaults:2 | Reached skill level 20 in Axes
 16083 | Vaults:3 | Noticed Mara
 16096 | Vaults:3 | Noticed Lavandula's illusion
 16313 | Vaults:3 | Identified the Volume of Quantum Summoning
 16392 | Vaults:4 | Noticed Mennas
 16504 | Vaults:3 | Received a gift from Trog
 16508 | Vaults:3 | Reached XP level 18. HP: 155/170 MP: 18/18
 16593 | Vaults:5 | Entered Level 5 of the Vaults
 16970 | Vaults:5 | Received a gift from Trog
 17010 | Vaults:5 | Noticed a golden dragon
 17025 | Vaults:5 | Killed a golden dragon
 17050 | Vaults:5 | Noticed an ancient lich
 17065 | Vaults:5 | Noticed a tentacled monstrosity
 17128 | Vaults:5 | Noticed a tentacled monstrosity
 17141 | Vaults:5 | Killed a tentacled monstrosity
 17196 | Vaults:5 | Reached XP level 19. HP: 177/177 MP: 19/19
 17235 | Vaults:5 | Noticed a golden dragon
 17260 | Vaults:5 | Killed a golden dragon
 17260 | Vaults:5 | Reached skill level 10 in Armour
 17279 | Vaults:5 | Received a gift from Trog
 17280 | Vaults:5 | Identified the +6 battleaxe "Yluoric" {protect, +Rage
                  | Int+2} (Trog gifted it to you on level 5 of the Vaults)
 17286 | Vaults:5 | Noticed a golden dragon
 17302 | Vaults:5 | Killed a golden dragon
 17364 | Vaults:5 | Got a silver rune of Zot
 17598 | Vaults:5 | Noticed a golden dragon
 17616 | Vaults:5 | Killed a golden dragon
 18179 | Vaults:5 | Identified the Guide on Confrontation and Air
 18233 | Vaults:5 | Got a slimy leather armour
 18244 | Vaults:5 | Identified the cursed +1 leather armour of Wokurei {+Blink
                  | +Inv rF+} (You found it on level 5 of the Vaults)
 18453 | Vaults:3 | Reached skill level 1 in Evocations
 18873 | Vaults:2 | Gained mutation: You tend to lose your temper in combat. [a
                  | shining eye]
 18875 | Vaults:2 | Gained mutation: You are frail. (-10% HP) [a shining eye]
 19092 | Vaults:2 | Reached skill level 5 in Evocations
 19127 | Vaults:2 | Received a gift from Trog
 19295 | Vaults:2 | Reached XP level 20. HP: 165/165 MP: 24/24
 19568 | D:15     | Entered Level 15 of the Dungeon
 19583 | D:14     | Found Ecut's Book Shoppe.
 19609 | D:14     | Found Losecsei's General Store.
 19682 | D:14     | Found Arolur's Armour Emporium.
 19713 | D:14     | Bought the +2 pair of gloves "Astetwor" {rElec rPois MR+++
                  | Int-5} for 501 gold pieces
 20013 | D:7      | Found a staircase to the Ecumenical Temple.
 20023 | Temple   | Entered the Ecumenical Temple
 20081 | Temple   | Fell from the grace of Trog
 20081 | Temple   | Became a worshipper of Makhleb the Destroyer
 20110 | D:7      | Learned a level 1 spell: Apportation
 20112 | D:7      | Learned a level 1 spell: Summon Butterflies
 20115 | D:7      | Learned a level 2 spell: Blink
 20118 | D:7      | Learned a level 2 spell: Shroud of Golubria
 20122 | D:7      | Learned a level 3 spell: Regeneration
 20126 | D:7      | Learned a level 3 spell: Spectral Weapon
 20328 | Slime:1  | Entered Level 1 of the Pits of Slime
 20344 | Slime:1  | Reached skill level 1 in Translocations
 20404 | Slime:2  | Reached * piety under Makhleb
 20470 | Slime:2  | Reached ** piety under Makhleb
 20470 | Slime:2  | Reached skill level 1 in Spellcasting
 20583 | Slime:3  | Noticed Dissolution
 20716 | Slime:3  | Killed Dissolution
 20756 | Slime:4  | Reached skill level 5 in Spellcasting
 20781 | Slime:4  | Reached *** piety under Makhleb
 20785 | Slime:4  | Reached skill level 1 in Invocations
 20876 | Slime:5  | Entered Level 5 of the Pits of Slime
 20904 | Slime:5  | Noticed the Royal Jelly
 21193 | Slime:4  | Reached skill level 5 in Invocations
 21275 | Slime:3  | Reached **** piety under Makhleb
 21940 | Slime:4  | Learned a level 6 spell: Deflect Missiles
 21966 | Slime:4  | Reached XP level 21. HP: 172/172 MP: 20/32
 22134 | Slime:5  | Gained mutation: You are clumsy. (Dex -2) [a shining eye]
 22182 | Slime:5  | Killed the Royal Jelly
 22340 | Slime:5  | Identified the Papyrus of Excruciating Flames
 22379 | Slime:5  | Identified Oxtaev's Grimoire of Hexes and the Glacier
 22394 | Slime:5  | Got a slimy rune of Zot
 22490 | Lair:6   | Learned a level 4 spell: Summon Lightning Spire
 22570 | Lair:3   | Reached skill level 1 in Charms
 22994 | Vaults:3 | Reached ***** piety under Makhleb
 23021 | Vaults:3 | Lost mutation: You are frail. (-10% HP) [potion of
                  | mutation]
 23021 | Vaults:3 | Gained mutation: You are partially covered in icy blue
                  | scales. (AC +2) [potion of mutation]
 23021 | Vaults:3 | Gained mutation: You are somewhat resistant to further
                  | mutation. [potion of mutation]
 23021 | Vaults:3 | Gained mutation: Your body sometimes deteriorates upon
                  | taking damage. [potion of mutation]
 23021 | Vaults:3 | Gained mutation: You are covered in fur. (AC +1) [potion of
                  | mutation]
 23022 | Vaults:3 | Lost mutation: You are partially covered in icy blue
                  | scales. (AC +2) [potion of mutation]
 23022 | Vaults:3 | Lost mutation: You are covered in fur. (AC +1) [potion of
                  | mutation]
 23022 | Vaults:3 | Lost mutation: You are clumsy. (Dex -2) [potion of
                  | mutation]
 23022 | Vaults:3 | Lost mutation: Your body sometimes deteriorates upon taking
                  | damage. [potion of mutation]
 23022 | Vaults:3 | Gained mutation: You have supernaturally acute eyesight.
                  | (SInv) [potion of mutation]
 23022 | Vaults:3 | Gained mutation: Your magical capacity is low. (-10% MP)
                  | [potion of mutation]
 23023 | Vaults:3 | Lost mutation: You are somewhat resistant to further
                  | mutation. [potion of mutation]
 23023 | Vaults:3 | Lost mutation: You tend to lose your temper in combat.
                  | [potion of mutation]
 23023 | Vaults:3 | Gained mutation: You expend magic power (3 MP) to
                  | strengthen your wands. [potion of mutation]
 23023 | Vaults:3 | Gained mutation: Your system is resistant to poisons.
                  | (rPois) [potion of mutation]
 23023 | Vaults:3 | Gained mutation: You have a somewhat thin skeletal
                  | structure. (Dex +2, Stealth) [potion of mutation]
 23061 | Crypt:1  | Entered Level 1 of the Crypt
 23285 | Crypt:3  | Entered Level 3 of the Crypt
 23476 | Crypt:2  | Noticed Jory
 23924 | Crypt:3  | Found a basalt altar of Yredelemnul.
 23925 | Crypt:3  | Noticed an ancient lich
 23966 | Crypt:3  | Killed an ancient lich
 24000 | Crypt:3  | Identified the amulet of Puscheinn {RegenMP -Tele rElec rC+
                  | MR+++} (You found it on level 3 of the Crypt)
 24216 | Crypt:3  | Reached skill level 21 in Axes
 24728 | Crypt:3  | Found a staircase to the Tomb.
 24740 | Tomb:1   | Entered Level 1 of the Tomb of the Ancients
 24918 | Crypt:2  | Killed Jory
 25478 | Snake:1  | Bought the +7 Kryia's mail coat {PotionHeal*2 rC+} for 960
                  | gold pieces
 25478 | Snake:1  | Found the +7 Kryia's mail coat {PotionHeal*2 rC+}
 25821 | D:15     | Reached ****** piety under Makhleb
 25821 | D:15     | Reached XP level 22. HP: 193/200 MP: 31/31
 25832 | D:15     | Found a staircase to the Depths.
 25857 | Depths:1 | Entered Level 1 of the Depths
 26114 | Depths:1 | Reached skill level 22 in Axes
 26146 | Depths:1 | Found a one-way gate leading to the halls of Pandemonium.
 26152 | Pan      | Entered Pandemonium
 26179 | Pan      | Gained mutation: You do not regenerate when monsters are
                  | visible. [a cacodemon]
 26304 | Pan      | Noticed Peweysim the pandemonium lord
 26353 | Pan      | Found a transporter.
 26393 | Pan      | Found a transporter.
 26712 | Pan      | Gained mutation: Your spells are a little easier to cast,
                  | but a little less powerful. [a cacodemon]
 26940 | Pan      | Gained mutation: You occasionally shout uncontrollably at
                  | your foes. [a cacodemon]
 26967 | Pan      | Entered the realm of Gloorx Vloq.
 27533 | Pan      | Reached skill level 23 in Axes
 27640 | Pan      | Noticed Gloorx Vloq
 28432 | Pan      | Got a dark rune of Zot
 28449 | Pan      | Reached skill level 24 in Axes
 28762 | Pan      | Reached skill level 1 in Necromancy
 28839 | Pan      | Noticed Lolosud the pandemonium lord
 29147 | Pan      | Reached XP level 23. HP: 206/206 MP: 30/32
 29272 | Pan      | Reached skill level 1 in Air Magic
 29359 | Pan      | Noticed Tocim the pandemonium lord
 29363 | Pan      | Got a demonic rune of Zot
 29433 | Pan      | Entered the realm of Mnoleg.
 29513 | Pan      | Gained mutation: Your body sometimes deteriorates upon
                  | taking damage. [a cacodemon]
 29520 | Pan      | Gained mutation: You are frail. (-10% HP) [a cacodemon]
 29545 | Pan      | Gained mutation: Your magical capacity is very low. (-20%
                  | MP) [a cacodemon]
 29580 | Pan      | Noticed Mnoleg
 29584 | Pan      | Gained mutation: Your spells are easier to cast, but less
                  | powerful. [a shining eye]
 29643 | Pan      | Noticed Gloorx Vloq
 29651 | Pan      | Gained mutation: Your magical capacity is extremely low.
                  | (-30% MP) [a neqoxec]
 29658 | Pan      | Gained mutation: You are dopey. (Int -2) [a cacodemon]
 29659 | Pan      | Gained mutation: You are clumsy. (Dex -2) [a neqoxec]
 29659 | Pan      | Gained mutation: You are very frail. (-20% HP) [a neqoxec]
 29661 | Pan      | Gained mutation: Your body often deteriorates upon taking
                  | damage. [a cacodemon]
 29687 | Pan      | Gained mutation: You are weak. (Str -2) [Mnoleg's mutagenic
                  | touch]
 29697 | Pan      | HP: 2/164 [Mnoleg (17)]
 29700 | Pan      | Mangled by Mnoleg

Skill      XL: |  1  2  3  4  5  6  7  8  9 10 11 12 13 14 15 16 17 18 19 20 21 22 23 |
---------------+----------------------------------------------------------------------+-----
Axes           | 3 4 6 8 10 12 15 16 18 20 21 24 | 24.2
Fighting       | 4 7 10 12 16 17 | 17.5
Dodging        | 2 3 4 7 10 11 12 | 12.3
Armour         | 5 9 12 | 12.1
Evocations     | 6 7 |  7.2
Translocations | 4 |  4.4
Spellcasting   | 7 9 |  9.0
Invocations    | 6 7 |  7.6
Charms         | 4 |  4.9
Necromancy     | 2 3 |  3.1
Air Magic      | 2 |  2.1

Action                   |  1- 3 |  4- 6 |  7- 9 | 10-12 | 13-15 | 16-18 | 19-21 | 22-24 || total
-------------------------+-------+-------+-------+-------+-------+-------+-------+-------++-------
Melee: Hand axe          |    49 |    68 |   336 |   197 |       |       |       |       ||   650
       Kick              |    11 |    13 |    94 |   204 |   426 |   450 |   744 |   272 ||  2214
       War axe           |       |       |       |   313 |   936 |   983 |   979 |       ||  3211
       Executioner's axe |       |       |       |       |       |       |   381 |   668 ||  1049
 Fire: Hunting sling     |       |       |     9 |       |       |       |       |       ||     9
Throw: Tomahawk          |       |       |     5 |    15 |       |       |       |       ||    20
       Stone             |       |       |     2 |       |       |       |       |       ||     2
       Javelin           |       |       |       |       |     2 |     8 |     1 |    11 ||    22
 Cast: Shroud of Golubri |       |       |       |       |       |       |     7 |    33 ||    40
       Blink             |       |       |       |       |       |       |     2 |     9 ||    11
       Regeneration      |       |       |       |       |       |       |     6 |    71 ||    77
       Spectral Weapon   |       |       |       |       |       |       |     1 |     1 ||     2
       Apportation       |       |       |       |       |       |       |     1 |     3 ||     4
       Summon Butterflie |       |       |       |       |       |       |     1 |       ||     1
Invok: Berserk           |     2 |     3 |    15 |    11 |    17 |    14 |     3 |       ||    65
       Trog's Hand       |     1 |     4 |     4 |     7 |     4 |    13 |     7 |       ||    40
       Brothers in Arms  |       |       |       |     2 |     5 |     6 |     2 |       ||    15
       Lesser Servant of |       |       |       |       |       |       |     5 |    13 ||    18
       Greater Servant o |       |       |       |       |       |       |     1 |    11 ||    12
 Abil: Evoke Invisibilit |       |       |       |       |       |     2 |       |       ||     2
       Stop Flying       |       |       |       |       |       |     1 |       |       ||     1
       Evoke Berserk Rag |       |       |       |       |       |       |     6 |       ||     6
       Evoke Flight      |       |       |       |       |       |       |     1 |       ||     1
Evoke: Wand              |       |     2 |    14 |    19 |     7 |     4 |     1 |     9 ||    56
       Phial of floods   |       |       |       |     1 |     1 |     1 |     3 |       ||     6
       Lamp of fire      |       |       |       |       |     1 |     2 |     1 |     3 ||     7
       Box of beasts     |       |       |       |       |       |       |     2 |       ||     2
       Phantom mirror    |       |       |       |       |       |       |     1 |     2 ||     3
       Sack of spiders   |       |       |       |       |       |       |       |     1 ||     1
  Use: Scroll            |       |     2 |     9 |     9 |    22 |     4 |    25 |    12 ||    83
       Potion            |       |       |       |     1 |     2 |     5 |    13 |     9 ||    30
 Stab: Paralysed         |       |     1 |     3 |       |       |       |       |       ||     4
       Confused          |       |       |       |       |     2 |       |       |       ||     2
       Distracted        |       |       |       |       |     1 |     1 |     4 |     4 ||    10
       Invisible         |       |       |       |       |       |     3 |       |       ||     3
  Eat: Chunk             |       |     5 |    13 |    18 |    17 |    19 |    12 |     5 ||    89
       Ration            |       |       |     4 |     4 |     9 |     8 |    11 |     4 ||    40
Armor: Animal skin       |    22 |    11 |       |       |       |       |       |       ||    33
       Scale mail        |       |    16 |    65 |       |       |       |    10 |   912 ||  1003
       Chain mail        |       |       |    58 |   262 |   255 |   543 |   855 |       ||  1973
       Troll leather arm |       |       |       |       |   213 |    35 |    82 |       ||   330
Dodge: Dodged            |    21 |    49 |    85 |   177 |   410 |   386 |   709 |   611 ||  2448
